 Dungeon Crawl Stone Soup version 0.32-a0-306-gfed3edf829 (webtiles) character file.

Game seed: 7589366637188887836

4364 Bobbunny the Grappler (level 10, -4/65 HPs)
             Began as an Octopode Shapeshifter on Feb 14, 2024.
             Was an Initiate of Gozag.
             Slain by a troll (15 damage)
             ... on level 9 of the Dungeon on Feb 15, 2024.
             The game lasted 00:15:54 (9342 turns).

Bobbunny the Grappler (Octopode Shapeshifter)       Turns: 9342, Time: 00:15:55

Health: -4/65      AC:  1    Str: 16    XL:     10   Next: 34%
Magic:  10/10      EV: 19    Int: 12    God:    Gozag
Gold:   130        SH:  0    Dex: 20    Spells: 9/9 levels left

rFire   + .          .
                       - Unarmed
rCold   . . .        F - melded +0 buckler {rF+}
rNeg    . . .        (helmet restricted)
rPois   +            K - amulet of regeneration
rElec   .            l - ring of poison resistance
rCorr   .            e - ring of protection from fire
SInv    .            M - +6 ring of dexterity
Will    +....        O - ring of flight
Stlth   ++           p - ring of willpower
HPRegen 1.10/turn    (no ring)
MPRegen 0.12/turn    (no ring)
                     (no ring)

%: no passive effects
@: flux-form, flying, glowing
A: glow, contaminating, almost no armour, amphibious, 8 rings, camouflage 1,
gelatinous body 1, (nimble swimmer 1), tentacles
a: Begin Untransformation, Renounce Religion, Potion Petition, Call Merchant,
Bribe Branch


You were on level 9 of the Dungeon.
You worshipped Gozag.
Gozag was aware of your devotion.
You were something dangerously unstable.
You visited 2 branches of the dungeon, and saw 10 of its levels.
You also visited: Sewer.

You collected 1263 gold pieces.
You spent 1088 gold pieces at shops.
You paid 45 gold pieces to Gozag.

Inventory:

Missiles
 f - 20 poisoned darts
 r - 5 atropa-tipped darts
 C - 2 silver javelins
 G - 4 darts of dispersal
 H - 3 boomerangs
 P - a curare-tipped dart
Armour
 F - a +0 buckler of fire resistance (melded)
Jewellery
 e - a ring of protection from fire (right tentacle)
 l - a ring of poison resistance (left tentacle)
 o - a ring of ice
 p - a ring of willpower (on tentacle)
 y - a ring of wizardry
 K - an amulet of regeneration (around mantle)
 M - a +6 ring of dexterity (on tentacle)
 O - a ring of flight (on tentacle)
Talismans
 b - a beast talisman
 c - a flux talisman (active)
 A - a blade talisman
Wands
 d - a wand of light (10)
 x - a wand of flame (22) (quivered)
Scrolls
 g - 11 scrolls of teleportation
 h - 3 scrolls of vulnerability
 j - 4 scrolls of immolation
 m - 7 scrolls of fear
 n - 3 scrolls of amnesia
 q - 3 scrolls of blinking {unknown}
 u - 4 scrolls of revelation
 B - 2 scrolls of poison
 D - 2 scrolls of enchant armour {unknown}
 J - 2 scrolls of fog {unknown}
 L - 3 scrolls of enchant weapon {unknown}
Potions
 a - 2 potions of lignification
 i - 12 potions of curing
 k - 2 potions of ambrosia
 s - a potion of magic {unknown}
 t - 4 potions of heal wounds
 v - 2 potions of brilliance
 w - a potion of attraction {unknown}
 z - a potion of cancellation {unknown}
 E - 2 potions of berserk rage
 I - a potion of haste {unknown}
 N - 2 potions of enlightenment {unknown}


   Skills:
 + Level 4.5 Fighting
 + Level 4.0 Dodging
 - Level 6.0 Stealth
 - Level 3.0 Shields
 + Level 10.3 Unarmed Combat
 + Level 3.4 Evocations
 - Level 7.0 Shapeshifting


You had 9 spell levels left.
You didn't know any spells.
Your spell library contained the following spells:

 Spells                   Type           Power      Damage    Failure   Level
 Kiss of Death            Conj/Necr      0%         2d5       32%         1
 Static Discharge         Conj/Air       0%         3-3/arc   45%         2
 Confusing Touch          Hex            0%         N/A       69%         3
 Dispel Undead            Necr           0%         3d6       97%         4
 Ignite Poison            Fire/Alch      0%         N/A       97%         4
 Martyr's Knell           Necr/Summ      0%         N/A       97%         4
 Sticky Flame             Fire/Alch      0%         2d4       97%         4
 Freezing Cloud           Conj/Ice/Air   0%         6-21      100%        5
 Ignition                 Fire           0%         3d3       100%        8


Dungeon Overview and Level Annotations

Branches:
Dungeon (9/15)             Temple (1/1) D:4             Orc (0/2) D:9
  Sewer (visited)
   Lair: D:8-11

Altars:
Ashenzari
Cheibriados
Dithmenos
Elyvilon
Fedhas
Gozag
Hepliaklqana
Kikubaaqudgha
Makhleb
Nemelex Xobeh
Okawaru
Qazlal
Ru
Sif Muna
Trog
Uskayaw
Wu Jian
Xom
Yredelemnul
Zin
The Shining One

Shops:
D:1 =?*   D:8 *


Innate Abilities, Weirdness & Mutations

You are something dangerously unstable.
You glow with magical radiation, making you easy to see and hit.
Foes you strike become dangerously contaminated with magical radiation.
You are incapable of wielding weapons or throwing items.
You cannot wear most types of armour.
You are amphibious.
You can wear up to eight rings at the same time.
Your skin changes colour to match your surroundings (Stealth+).
Your rubbery body absorbs attacks. (AC +1, EV +1)
((You are camouflaged when in or above water. (Stealth+)))
You have tentacles for arms and can constrict up to eight enemies at once.


Message History

The kobold misses you.
You barely miss the kobold. You grab the kobold.
You constrict the kobold, but do no damage.
The kobold hits you with a +2 short sword of venom.
You tentacle-slap the kobold.
The kobold begins to glow.
You squeeze the kobold.
The kobold is severely wounded.
You constrict the kobold, but do no damage.
You tentacle-slap the kobold.
You kill the kobold!
No target in view!
You now have 118 gold pieces (gained 3).
You see here a +0 dagger.
You now have 124 gold pieces (gained 6).
Things that are here:
a +2 short sword of venom; a +0 short sword
There is a stone staircase leading down here.
You now have 130 gold pieces (gained 6).
Things that are here:
a +0 club; 4 stones; a +0 short sword
There is a stone staircase leading down here.
You fly downwards.
You hear the roar of battle.
There is an entrance to a bailey on this level.
Hurry and find it before the portal closes forever!
You hear the creaking of a very distant portcullis.
The troll bites you! The troll closely misses you. The troll claws you!
There is a stone staircase leading up, spattered with blood here.
You tentacle-slap the troll but do no damage.
The troll begins to glow.
The troll closely misses you. The troll barely misses you. The troll claws you!
You barely miss the troll. The troll bites you!
* * * LOW HITPOINT WARNING * * *
The troll claws you!
* * * LOW HITPOINT WARNING * * *
The troll misses you.
You tentacle-slap the troll.
The troll glows dangerously bright.
The troll is lightly wounded.
The troll bites you!
You die...
Your body crumbles into a pile of gold.

###...##
.....>####
........##
#........###
#..........#
###.........#
..#>...T.......
.......p.......
............>...
#...............
###...##".......!.
..#.#. #........##
...#...#..####....
...........####...
......###.........
...........##....


You could see a troll (heavy contam).

Vanquished Creatures
  Pikel (D:6)
  A troll (D:8)
  A wraith (D:8)
  Sigmund (D:6)
  A steam dragon (D:8)
  2 water moccasins
  A sky beast (D:8)
  Pargi (Sewer)
  3 orc warriors (D:8)
  An ogre (D:5)
  A lemure (D:6)
  2 phantoms
  A kobold brigand (D:8)
  A brain worm (Sewer)
  6 scorpions
  3 bullfrogs
  2 gnoll sergeants (D:7)
  3 wights (D:8)
  2 killer bees (D:8)
  4 howler monkeys
  2 jellies
  2 gnoll boudas
  4 orc priests
  3 hounds
  A sleepcap (D:4)
  Crazy Yiuf (D:3)
  3 iguanas
  Jessica (D:3)
  Ijyb (D:3)
  7 orc wizards
  Terence (D:3)
  Robin (D:2)
  7 gnolls
  7 adders
  A river rat (D:6)
  2 white imps
  4 ufetubi (D:6)
  3 dart slugs
  4 ribbon worms
  26 orcs
  10 bats
  4 endoplasms
  A giant cockroach (D:6)
  5 hobgoblins
  3 jackals (D:4)
  11 kobolds
  6 quokkas
  3 ball pythons
  6 frilled lizards
  19 goblins
  18 rats
205 creatures vanquished.

Notes
Turn   | Place    | Note
-------+----------+-------------------------------------------
     0 | D:1      | Bobbunny the Octopode Shapeshifter began the quest for the
                  | Orb.
     0 | D:1      | Reached XP level 1. HP: 13/13 MP: 1/1
    65 | D:1      | Found Povedayph's Jewellery Emporium.
   147 | D:1      | Reached skill level 1 in Stealth
   157 | D:1      | Reached XP level 2. HP: 18/18 MP: 2/2
   634 | D:1      | Found Qari's General Store.
   642 | D:1      | Bought a potion of curing for 33 gold pieces
   677 | D:1      | Found Pozojoan's Magic Scroll Emporium.
   682 | D:1      | Bought a scroll of identify for 22 gold pieces
   727 | D:1      | Reached XP level 3. HP: 23/23 MP: 3/3
   796 | D:2      | Noticed Robin
   974 | D:2      | Killed Robin
   975 | D:2      | Reached XP level 4. HP: 19/28 MP: 4/4
  1435 | D:2      | Identified the +1 robe "Cutar" {Dex+4}
  1702 | D:3      | Reached skill level 4 in Unarmed Combat
  1702 | D:3      | Reached XP level 5. HP: 26/33 MP: 5/5
  1794 | D:3      | Noticed Terence
  1802 | D:3      | Killed Terence
  1889 | D:3      | Reached XP level 6. HP: 35/39 MP: 6/6
  1992 | D:3      | Noticed Ijyb
  1999 | D:3      | Killed Ijyb
  2394 | D:3      | Noticed Jessica
  2401 | D:3      | Killed Jessica
  2618 | D:3      | Found a runed translucent door.
  2619 | D:3      | Noticed Crazy Yiuf
  2627 | D:3      | Killed Crazy Yiuf
  2760 | D:3      | Identified the +2 leather armour "Amno" {Will+ Int+3 SInv
                  | Stlth+}
  2863 | D:4      | Found a broken altar of Ashenzari.
  2915 | D:4      | Found a staircase to the Ecumenical Temple.
  2921 | Temple   | Entered the Ecumenical Temple
  2932 | Temple   | Became a worshipper of Gozag Ym Sagoz the Greedy
  3040 | D:4      | Reached skill level 5 in Stealth
  3155 | D:4      | Reached XP level 7. HP: 29/45 MP: 7/7
  3319 | D:4      | Reached skill level 5 in Unarmed Combat
  3849 | D:4      | Reached skill level 5 in Shapeshifting
  4192 | D:5      | Entered Level 5 of the Dungeon
  4328 | D:5      | Reached skill level 6 in Unarmed Combat
  4328 | D:5      | Reached XP level 8. HP: 52/52 MP: 8/8
  5185 | D:5      | Found a sparkling altar of Nemelex Xobeh.
  5291 | D:1      | Bought a potion of curing for 33 gold pieces
  5291 | D:1      | Bought a scroll of teleportation for 33 gold pieces
  5291 | D:1      | Bought a +0 buckler of fire resistance for 126 gold pieces
  5320 | D:1      | Bought a scroll of fear for 44 gold pieces
  5320 | D:1      | Bought a scroll of immolation for 44 gold pieces
  5419 | D:6      | Noticed Pikel
  5431 | D:6      | Killed Pikel
  5432 | D:6      | Reached skill level 7 in Unarmed Combat
  5673 | D:6      | Noticed Sigmund
  5679 | D:6      | Killed Sigmund
  5680 | D:6      | Reached XP level 9. HP: 46/56 MP: 9/9
  5692 | D:6      | Found a glowing drain.
  5722 | D:6      | Reached skill level 8 in Unarmed Combat
  5809 | Sewer    | Entered a sewer
  5872 | Sewer    | Noticed Pargi
  5878 | Sewer    | Killed Pargi
  6288 | D:6      | Reached skill level 9 in Unarmed Combat
  6705 | D:1      | Bought a scroll of revelation for 82 gold pieces
  6705 | D:1      | Bought a scroll of vulnerability for 44 gold pieces
  6705 | D:1      | Bought 2 scrolls of fear for 88 gold pieces
  6705 | D:1      | Bought a scroll of fear for 44 gold pieces
  6705 | D:1      | Bought a scroll of teleportation for 33 gold pieces
  6843 | D:7      | Identified a scroll of acquirement
  6843 | D:7      | Acquired a ring of willpower
  7035 | D:7      | Got the Octavo of the Unstoppable Ears
  7600 | D:8      | Found Exyroch's Assorted Antiques.
  7637 | D:8      | Bought a potion of curing for 81 gold pieces
  7637 | D:8      | Bought a fizzy cyan potion for 24 gold pieces
  7637 | D:8      | Bought a scroll labelled USIKUE WUVVERGHAI for 27 gold
                  | pieces
  7722 | D:8      | Noticed a troll
  7939 | D:8      | Killed a troll
  7940 | D:8      | Reached skill level 1 in Evocations
  8162 | D:8      | Reached skill level 10 in Unarmed Combat
  8162 | D:8      | Reached XP level 10. HP: 57/63 MP: 10/10
  9070 | D:1      | Bought an amulet of regeneration for 330 gold pieces
  9286 | D:9      | Found a staircase to the Orcish Mines.
  9342 | D:9      | Slain by a troll

Illustrated notes

Levels and vault maps discovered:
D:1:      lemuel_arrival_cross, layout_basic, serial_shops,
          nicolae_shop_pleasant_corner_grove, shop, nicolae_shop_waterfront,
          minmay_rat_gold_closets
D:2:      layout_rooms, minivault_14, hex_tiny, dk_noncrumbling_4, uniq_robin
D:3:      minmay_recursive_quarters, layout_rooms, roderic_roman_lattice,
          roderic_lattice_a, grunt_decor_clamped, uniq_ijyb, uniq_jessica,
          uniq_terence, uniq_crazy_yiuf_cottage
D:4:      layout_layer_cave, mainiacjoe_overflow_24_doors,
          minmay_temple_entry_hall
D:5:      layout_cave_pools, lemuel_coloured_pillars_altar,
          amcnicky_mini_corridor_feature
D:6:      layout_rooms, portal_sewer_entry_c, uniq_pikel, uniq_sigmund
D:7:      layout_basic
D:8:      minmay_four_partial_circles, layout_rooms, serial_shops,
          nicolae_shop_crystal
D:9:      layout_cave_pools, lair_entry_dummy, orc_0_dummy, serial_shops, shop,
          nicolae_lakefront_shop, enter_bailey_2, serial_ice, serial_ice_o,
          serial_ice_k, serial_ice_c, serial_ice_a
Temple:   hellmonk_temple_of_storms

Skill      XL: |  1  2  3  4  5  6  7  8  9 10 |
---------------+-------------------------------+-----
Stealth        | 1 2 3 4 5 6 |  6.0
Unarmed Combat | 4 6 7 10 | 10.3
Shapeshifting  | 4 5 7 |  7.0
Fighting       | 2 3 4 |  4.5
Shields        | 3 |  3.0
Evocations     | 2 3 |  3.4
Dodging        | 4 |  4.0

Action                     |  1- 3 |  4- 6 |  7- 9 | 10-12 || total
---------------------------+-------+-------+-------+-------++-------
  Melee: Unarmed           |    48 |   126 |   249 |    73 ||   496
         Constrict         |    13 |    32 |    74 |    19 ||   138
         Tentacles         |     5 |    25 |    71 |    20 ||   121
         Punch             |     3 |     4 |    11 |       ||    18
  Throw: Stone             |     1 |       |       |       ||     1
         Dart              |       |     7 |    12 |       ||    19
  Evoke: Wand              |       |       |    10 |       ||    10
    Use: Scroll            |       |     5 |     6 |       ||    11
   Stab: Sleeping          |     9 |     5 |     6 |       ||    20
         Distracted        |       |     2 |     2 |       ||     4
         Invisible         |       |       |     1 |       ||     1
 Armour: Skin              |    24 |    43 |    93 |    47 ||   207
  Dodge: Dodged            |    28 |    61 |   150 |    66 ||   305
  Block: Buckler           |       |       |     4 |       ||     4
   Form: Flux              |       |       |     1 |       ||     1

Table legend: (Time is in decaauts)
 A = Elapsed time spent in this place.
 B = Non-inter-level travel time spent in this place.
 C = Inter-level travel time spent in this place.
 D = Time resting spent in this place.
 E = Time spent auto-exploring this place.
 F = Levels seen in this place.
 G = Mean time per level.
                   A        B        C        D        E       F      G
               +--------+--------+--------+--------+--------+-----+--------+
         Total |   9316 |   7984 |   1332 |   1851 |   4285 |  11 |  846.9 |
       Dungeon |   8991 |   7680 |   1311 |   1673 |   4285 |   9 |  999.0 |
        Temple |    100 |     79 |     21 |     75 |      0 |   1 |  100.0 |
         Sewer |    224 |    224 |      0 |    103 |      0 |   1 |  224.0 |
               +--------+--------+--------+--------+--------+-----+--------+

Top non-repeatable levels by time:
     D:3: 1566 daAuts
     D:4: 1475 daAuts
     D:6: 1183 daAuts
     D:8: 1104 daAuts
     D:7: 1085 daAuts
     D:1: 1024 daAuts
     D:5: 911 daAuts
     D:2: 618 daAuts
   Sewer: 224 daAuts
  Temple: 100 daAuts
     D:9: 23 daAuts
